 Dungeon Crawl Stone Soup version 0.29.0-11-gd7f09526c8 (webtiles) character file.

Game seed: 13382588078078129268

99 Arum the Grave Robber (level 4, 0/30 HPs)
             Began as a Demonspawn Necromancer on Sept 4, 2022.
             Slain by a gnoll
             ... wielding a +0 halberd
              (16 damage)
             ... on level 2 of the Dungeon.
             The game lasted 00:04:13 (1787 turns).

Arum the Grave Robber (Demonspawn Necromancer)      Turns: 1787, Time: 00:04:13

Health: 0/30       AC:  4    Str:  9    XL:     4   Next: 45%
Magic:  6/9        EV: 12    Int: 18    God:
Gold:   104        SH:  0    Dex: 13    Spells: 8/9 levels left

rFire   . . .      SeeInvis +   o - +0 falchion
rCold   . . .      Faith    +   (no shield)
rNeg    . . .      Spirit   .   a - +0 robe
rPois   .          Reflect  .   k - +0 helmet
rElec   .          Harm     .   j - +0 cloak
rCorr   .          Rampage  .   (no gloves)
Will    .....                   (no boots)
Stlth   ++........              n - amulet of faith
HPRegen 0.10/turn               p - ring of see invisible
MPRegen 0.22/turn               (no ring)

@: no status effects
A: magic regeneration
a: no special abilities


You were on level 2 of the Dungeon.
You visited 1 branch of the dungeon, and saw 2 of its levels.

You collected 104 gold pieces.

Inventory:

Hand Weapons
 o - a +0 falchion (weapon)
Armour
 a - a +0 robe (worn)
 j - a +0 cloak (worn)
 k - a +0 helmet (worn)
Jewellery
 n - an amulet of faith (around neck)
 p - a ring of see invisible (left hand)
Scrolls
 c - a scroll of fear {unknown}
 d - a scroll of enchant armour {unknown}
 e - 2 scrolls of identify {unknown}
 g - 2 scrolls of teleportation {unknown}
 i - 2 scrolls of immolation {unknown}
 l - a scroll of silence {unknown}
Potions
 b - 2 potions of magic
 f - a potion of brilliance {unknown}
 h - 2 potions of mutation {unknown}
 m - a potion of attraction {unknown}


   Skills:
 - Level 1.7 Dodging
 - Level 1.7 Stealth
 + Level 3.4 Spellcasting
 + Level 5.5 Necromancy


You had 8 spell levels left.
You knew the following spells:

 Your Spells              Type           Power      Damage    Failure   Level
a - Necrotise             Necr           92%        1d8       1%          1

Your spell library contained the following spells:

 Spells                   Type           Power      Damage    Failure   Level
 Vampiric Draining        Necr           23%        2d7       4%          3
 Animate Dead             Necr           23%        N/A       16%         4
 Agony                    Necr           23%        N/A       41%         5


Dungeon Overview and Level Annotations

Branches:
Dungeon (2/15)

Altars:


Innate Abilities, Weirdness & Mutations

You regenerate magic rapidly.


Message History

There is an open door here.
You now have 104 gold pieces (gained 11).
p - a ring of see invisible
There is an open door here.
You open the door.
There is an open door here.
A kobold comes into view. It is wielding a +0 club.
p - a ring of see invisible (left hand)
The kobold writhes in agony.
The kobold writhes in agony!
You kill the kobold!
The dead are walking!
You can't see any susceptible monsters within range! (Use Z to cast anyway.)
You swap places.
There is an open door here.
You swap places.
There is an open door here.
You see here a +0 leather armour.
There is an open door here.
Your kobold skeleton crumbles into dust!
As you open the door, it creaks loudly! 2 gnolls come into view.
The gnoll shouts!
You hear a shout!
The gnoll shouts!
You hear an angry hiss.
A ball python comes into view.
A gnoll comes into view. It is wielding a +0 flail.
The ball python writhes in agony.
You kill the ball python!
The dead are slithering!
The gnoll writhes in agony.
Your ball python skeleton misses the gnoll.
Your ball python skeleton completely misses the gnoll.
The gnoll hits you from afar with a +0 halberd!
The gnoll writhes in agony.
The gnoll closely misses you.
The gnoll hits you from afar with a +0 halberd.
The gnoll writhes in agony.
You kill the gnoll!
The dead are walking!
The gnoll hits you from afar with a +0 halberd!
Ouch! That really hurt!
You die...

.###.# ###...## #. .#
#.#####... ###...#..# #.
.###......#####...####.## #.
.....######.'...###..#..# #[
.(..#####...##.## ..##.## #.
##..###...#..#..# gZ..#..#
###.
#####...####.##.##g...##.##
#...
#....Z###..#..#.Z').###...#
#...
#.##.##....##.##@####...#'#
#... #..#.....#..#..#...###.#
#.#.
##.##..).##.##...###Z..##
#.## #..#..#'#...#)###.[.#..#
#.
##.####...#####...####.###.##
#.#
#..#...###.#...#'#..#..#....
#.#
##...###...##.##.)..##.##.#.
#.#
#.###.Z.#..#..#.....#..#...
#.#
#'#.^.####.##.##....##.##..


You could see 2 gnolls, a friendly ball python skeleton and a friendly gnoll
skeleton.

Vanquished Creatures
  A gnoll (D:2)
  4 adders (D:2)
  A worm (D:2)
  A dart slug (D:1)
  An orc (D:2)
  2 bats
  4 endoplasms
  A giant cockroach (D:1)
  3 goblins (D:1)
  5 hobgoblins
  A jackal (D:1)
  3 quokkas
  6 ball pythons
  4 frilled lizards
  6 kobolds
  3 rats
46 creatures vanquished.

Vanquished Creatures (collateral kills)
  A dart slug (D:1)
  2 endoplasms
  A goblin (D:1)
  2 hobgoblins (D:1)
  A jackal (D:1)
7 creatures vanquished.

Vanquished Creatures (others)
  4 toadstools (D:1)
4 creatures vanquished.

Grand Total: 57 creatures vanquished

Notes
Turn   | Place    | Note
-------+----------+-------------------------------------------
     0 | D:1      | Arum the Demonspawn Necromancer began the quest for the
                  | Orb.
     0 | D:1      | Reached XP level 1. HP: 13/13 MP: 3/3
   126 | D:1      | Gained mutation: You regenerate magic rapidly. [demonic
                  | ancestry]
   126 | D:1      | Reached XP level 2. HP: 14/19 MP: 0/5
   535 | D:1      | Found a faded altar of an unknown god.
   595 | D:1      | Reached XP level 3. HP: 24/24 MP: 5/7
   629 | D:1      | Reached skill level 5 in Necromancy
  1397 | D:2      | Identified the +8 short sword "Ymnat" {freeze, Dex+5}
  1452 | D:2      | Reached XP level 4. HP: 30/30 MP: 4/8
  1787 | D:2      | Slain by a gnoll

Illustrated notes

Levels and vault maps discovered:
D:1:      ldierk_walled_garden_2, layout_rooms, nicolae_ecumenical_lake_church,
          minmay_pentomino_q4
D:2:      minmay_skewed_foursquare, layout_loops_ring

Skill      XL: |  1  2  3 |
---------------+----------+-----
Necromancy     | 5 |  5.5
Spellcasting   | 3 |  3.4
Dodging        | |  1.7
Stealth        | |  1.7

Action                   |  1- 3 |  4- 6 || total
-------------------------+-------+-------++-------
Melee: Unarmed           |    25 |       ||    25
       Punch             |     2 |       ||     2
 Cast: Necrotise         |    78 |    16 ||    94
 Stab: Distracted        |     1 |       ||     1
Armor: Robe              |     6 |       ||     6
Dodge: Dodged            |    23 |     5 ||    28
